Cogmind - Beta 13 @@@ ROGUE MODE // 2024.07.09 @ 01:29:33 Player: Selene Result: Destroyed by DAS Turret with DAS Cannon Performance ------------- Evolutions (1) 500 Regions Visited (5) 1000 Robots Destroyed (88) 440 Value Destroyed (1788) 1788 Prototype IDs (30) 600 Alien Tech Used (0) 0 Bonus (291) 291 TOTAL SCORE: 4619 Bonus ------- High Alert Combat Kills 8 Aligned with FarCom 300 Friendly Fire -17 Cogmind --------- Core Integrity 0/400 Matter 275/300 Energy 80/100 System Corruption 4% Temperature Cool (0) Movement Core (1350) Ox26 Location -9/Exiles Parts ------- > --- POWER (1) -------- (None) > --- PROPULSION (3) --- (None) > --- UTILITY (3) ------ Huge Storage Unit > --- WEAPON (2) ------- (None) > --- INVENTORY (25) --- Deuterium Engine Light Nuclear Core Light Treads Light Treads Wheel Cooling System High-capacity Matter Pod (200) Structural Scanner Hardened Light Armor Plating Hardened Light Armor Plating Hacking Suite Hacking Suite Long-range Tractor Beam Sensor Drone Bay (20/20) Makeshift Shrapnel Gun XL Autogun Array Assault Cannon Assault Cannon Heavy Mace Peak State ------------ > --- POWER ------------ Reinforced Ion Engine > --- PROPULSION ------- Light Treads Wheel Wheel > --- UTILITY ---------- Huge Storage Unit Heavy Armor Plating > --- WEAPON ----------- Autogun Autogun > --- INVENTORY -------- Deuterium Engine Light Nuclear Core Light Treads Light Treads Light Treads Wheel Cooling System High-capacity Matter Pod Structural Scanner Hardened Light Armor Plating Hardened Light Armor Plating Hacking Suite Hacking Suite Long-range Tractor Beam Sensor Drone Bay Makeshift Shrapnel Gun XL Autogun Array Assault Cannon Assault Cannon Grenade Launcher Rocket Launcher Heavy Mace [Rating: 24] Favorites ----------- Power Ion Engine Engine Ion Engine Propulsion Wheel Treads Light Treads Wheel Wheel Utility Huge Storage Unit Device Seismic Detector Storage Huge Storage Unit Protection Heavy Armor Plating Weapon Assault Rifle Ballistic Gun Assault Rifle Ballistic Cannon Assault Cannon Launcher Grenade Launcher Build | -11 -10 -10 -9 -9 -9 ------- Run | Yrd Mat Min Mat Min Exi Slots Evolved 2 | . . . 2 . . Power . | . . . . . . Propulsion 1 | . . . 1 . . Utility 1 | . . . 1 . . Weapon . | . . . . . . Parts Attached 94 | 7 16 10 50 7 4 Power 5 | 1 . 2 2 . . Engine 5 | 1 . 2 2 . . Core . | . . . . . . Reactor . | . . . . . . Propulsion 30 | 2 3 . 21 3 1 Treads 12 | 1 1 . 8 1 1 Leg . | . . . . . . Wheel 18 | 1 2 . 13 2 . Hover . | . . . . . . Flight . | . . . . . . Utility 17 | 2 3 4 6 2 . Device 5 | 1 . 2 1 1 . Storage 4 | 1 2 . 1 . . Processor . | . . . . . . Hackware . | . . . . . . Protection 8 | . 1 2 4 1 . Artifact . | . . . . . . Weapon 42 | 2 10 4 21 2 3 Energy Gun . | . . . . . . Energy Cannon . | . . . . . . Ballistic Gun 29 | 2 10 2 13 1 1 Ballistic Cannon 6 | . . . 6 . . Launcher 7 | . . 2 2 1 2 Special Weapon . | . . . . . . Impact Weapon . | . . . . . . Slashing Weapon . | . . . . . . Piercing Weapon . | . . . . . . Special Melee Weapon . | . . . . . . Unidentified Prototypes 1 | . . . . 1 . Parts Lost 12 | . 1 . 1 1 9 Power . | . . . . . . Propulsion 6 | . 1 . . 1 4 Utility 2 | . . . 1 . 1 Weapon 4 | . . . . . 4 Highest Loss Streak 9 | . 1 . 1 1 9 To Critical Strikes . | . . . . . . Average Slot Usage (%) 93 | . 99 100 89 87 85 Engine 12 | . 14 14 11 11 10 Treads 13 | . 13 14 14 12 11 Wheel 16 | . 13 14 18 20 21 Device 2 | . 4 . 2 . . Storage 12 | . 14 14 11 11 11 Protection 11 | . 9 14 10 10 10 Ballistic Gun 23 | . 27 27 19 21 21 Naked Turns . | . . . . . . Heaviest Build 115 | 15 56 55 115 112 111 Greatest Support 60 | 16 20 10 60 40 20 Greatest Overweight (x) 11 | . 5 5 11 5 11 Average Overweight (x) 4 | . 3 4 4 4 5 Largest Inventory Capacity 25 | 8 20 20 25 25 25 Average Capacity 22 | 7 17 20 24 25 25 Most Carried 25 | 6 20 20 25 25 25 Average Carried 21 | 3 16 19 24 24 24 Final Capacity 25 | 8 20 20 25 25 25 Final Carried 25 | 6 19 20 25 25 22 Class Distribution -------------------- 97% | Mutant Dominant Class ---------------- Mutant | -10/Materials Mutant | -10/Mines Mutant | -9/Materials Mutant | -9/Mines Mutant | -9/Exiles Resources | -11 -10 -10 -9 -9 -9 ----------- Run | Yrd Mat Min Mat Min Exi Matter Collected 2934 | 221 828 401 1299 147 38 Remotely . | . . . . . . Salvage Created 2612 | 18 561 166 1527 276 64 Parts 200 | 4 55 18 104 17 2 Haulers Intercepted 7 | . 1 . 6 . . Recyclers Shooed 3 | 1 1 . 1 . . Parts Field Recycled . | . . . . . . Retrieved Matter . | . . . . . . Parts Self-Destructed . | . . . . . . Prevented . | . . . . . . Kills | -11 -10 -10 -9 -9 -9 ------- Run | Yrd Mat Min Mat Min Exi Combat Hostiles Destroyed 58 | . 11 8 26 9 4 Guns 34 | . 11 5 12 6 . Cannons 6 | . . . 6 . . AOE 18 | . . 3 8 3 4 Classes Destroyed 12 | 1 8 . 2 . 1 Worker 9 | . 1 1 7 . . Builder 3 | . 2 . 1 . . Tunneler 1 | 1 . . . . . Hauler 7 | . 1 . 6 . . Recycler 2 | . 1 . 1 . . Operator 5 | . 1 . 4 . . Watcher 7 | . 3 . 4 . . Swarmer 21 | . 6 6 6 3 . Grunt 23 | . 5 2 10 6 . Duelist 1 | . . . 1 . . Sentry 9 | . . . 9 . . Assembled 4 | . . . . . 4 Best Kill Streak 6 | 1 3 3 6 3 4 Combat Bots Only 4 | . 3 3 4 3 4 Max Kills in Single Turn 3 | 1 1 1 3 3 2 Gunslinging . | . . . . . . Exploded 3 | . . 1 3 3 2 Melee . | . . . . . . Uniques/NPCs Destroyed . | . . . . . . Combat | -11 -10 -10 -9 -9 -9 -------- Run | Yrd Mat Min Mat Min Exi Hostile Shots Fired 303 | . 67 30 123 39 44 Missed 81 | . 17 8 32 12 12 Damage Taken 3314 | . 469 208 1154 365 1118 Core 499 | . 80 17 117 22 263 Absorbed by Shields . | . . . . . . Regen/Repaired (Parts) 598 | . 215 . 383 . . Core Remaining (%) 80 | 100 . 61 . . . Volleys Fired 217 | 4 78 17 102 12 4 Largest 2 | 2 2 2 2 2 2 Hottest 88 | 40 46 40 88 46 46 Shots Fired 415 | 8 153 30 197 22 5 Gun 371 | 8 153 26 161 20 3 Cannon 29 | . . . 29 . . Launcher 15 | . . 4 7 2 2 Special . | . . . . . . Kinetic 400 | 8 153 26 190 20 3 Thermal . | . . . . . . Explosive 15 | . . 4 7 2 2 Electromagnetic . | . . . . . . Robot Hit Streak 13 | 2 8 4 13 11 5 Robot Miss Streak 7 | 1 7 4 4 1 1 Penetration Max . | . . . . . . Secondary Targets 2 | . 1 . 1 . . Max Gunslinging Chain 1 | . 1 . 1 . . Shots Hit Robots 249 | 5 86 14 128 13 3 Core Hits 135 | 1 32 11 66 12 13 Critical Kills 1 | . 1 . . . . Critical Parts Destroyed . | . . . . . . Critical Strikes 1 | . 1 . . . . Destroy 1 | . 1 . . . . Melee Attacks . | . . . . . . Impact . | . . . . . . Slashing . | . . . . . . Piercing . | . . . . . . Sneak Attacks . | . . . . . . Combat Hostiles . | . . . . . . Follow-up Attacks . | . . . . . . Damage Inflicted 4655 | 75 1063 327 2557 299 334 Guns 3259 | 75 1063 192 1697 199 33 Cannons 389 | . . . 389 . . Explosions 1007 | . . 135 471 100 301 Melee . | . . . . . . Ramming . | . . . . . . Kinetic 3648 | 75 1063 192 2086 199 33 Thermal . | . . . . . . Explosive 1007 | . . 135 471 100 301 Electromagnetic . | . . . . . . Impact . | . . . . . . Slashing . | . . . . . . Piercing . | . . . . . . Highest Corruption 4 | . . . . . 4 Average Corruption 4 | . . . . . 4 Corruption Purged . | . . . . . . Corruption Blocked . | . . . . . . Overload Shots . | . . . . . . Overflow Damage 7 | . . . 3 . 4 Projectiles . | . . . . . . Explosions 7 | . . . 3 . 4 Melee . | . . . . . . Knockbacks . | . . . . . . Impact . | . . . . . . Kinetic . | . . . . . . Secondary . | . . . . . . Self-Inflicted Damage 102 | . . . . 30 72 Shots 3 | . . . . 1 2 Rammed . | . . . . . . Targets Rammed . | . . . . . . Kicked . | . . . . . . Crushed . | . . . . . . Highest Temperature 219 | . 12 41 219 81 20 Average Temperature 42 | . 4 27 48 25 12 Received Heat Transfer 831 | . 99 63 507 162 . Siege Activations . | . . . . . . Robots Corrupted . | . . . . . . Combat Hostiles . | . . . . . . Parts Fried . | . . . . . . Impact Corruptions . | . . . . . . Robots Melted . | . . . . . . Combat Hostiles . | . . . . . . Parts Melted . | . . . . . . Heat Transferred . | . . . . . . Parts Sabotaged . | . . . . . . Parts Stolen . | . . . . . . Parts Stripped . | . . . . . . Power Chain Reactions . | . . . . . . Alert | -11 -10 -10 -9 -9 -9 ------- Run | Yrd Mat Min Mat Min Exi Peak Influence 421 | 5 223 120 421 374 . Initial 142 | . 3 28 22 142 . Average 190 | 1 97 67 274 326 . Maximum Alert Level 2 | . 1 . 2 1 . Low Security (%) 55 | 100 95 100 23 3 . Level 1 40 | . 4 . 69 96 . Level 2 3 | . . . 6 . . Level 3 . | . . . . . . Level 4 . | . . . . . . Level 5 . | . . . . . . High Security . | . . . . . . Max Security . | . . . . . . Squads Dispatched 6 | . 2 1 3 . . Investigation 3 | . 1 1 1 . . Extermination . | . . . . . . Reinforcement 3 | . 1 . 2 . . Assault . | . . . . . . Garrison . | . . . . . . Intercept . | . . . . . . Searches Triggered . | . . . . . . Construction Impeded . | . . . . . . Haulers Reinforced . | . . . . . . Active Scanning Responses . | . . . . . . Cargo Convoy Interrupts . | . . . . . . Stealth | -11 -10 -10 -9 -9 -9 --------- Run | Yrd Mat Min Mat Min Exi Distress Signals 4 | . 1 . 3 . . Communications Jammed . | . . . . . . Distress Signals . | . . . . . . Times Spotted 102 | . 25 9 39 8 21 Peak Tracking Total 13 | . 5 3 4 6 13 Tactical Retreats 6 | . 2 1 . 1 2 Traps | -11 -10 -10 -9 -9 -9 ------- Run | Yrd Mat Min Mat Min Exi Traps Triggered 1 | . 1 . . . . Indirectly . | . . . . . . Trap Hack Attempts . | . . . . . . Triggered . | . . . . . . Disarmed . | . . . . . . Reprogrammed . | . . . . . . Reused . | . . . . . . Traps Extracted . | . . . . . . Installed . | . . . . . . Triggered . | . . . . . . Machines | -11 -10 -10 -9 -9 -9 ---------- Run | Yrd Mat Min Mat Min Exi Machines Disabled 3 | . . 1 2 . . Max in Single Turn 1 | . . 1 1 . . Machines Repaired . | . . . . . . Machines Dismantled . | . . . . . . Machines Sabotaged . | . . . . . . Overloaded Fab Kills . | . . . . . . Hacking | -11 -10 -10 -9 -9 -9 --------- Run | Yrd Mat Min Mat Min Exi Machines Accessed 29 | . 9 1 16 1 2 Terminals 16 | . 6 . 10 . . Fabricators . | . . . . . . Repair Stations 3 | . 1 . 2 . . Recycling Units 4 | . 2 . 2 . . Scanalyzers 2 | . . . 2 . . Garrison Access . | . . . . . . Total Hacks 78 | . 28 1 46 1 2 Successful 51 | . 17 1 30 1 2 Failed 27 | . 11 . 16 . . Catastrophic 3 | . 1 . 2 . . Database Lockouts . | . . . . . . Manual 41 | . 17 . 23 . 1 Terminals 50 | . 21 . 29 . . Fabricators . | . . . . . . Repair Stations 10 | . 4 . 6 . . Recycling Units 9 | . 3 . 6 . . Scanalyzers 5 | . . . 5 . . Garrison Access . | . . . . . . Terminal Hacks 28 | . 9 1 15 1 2 Record 1 | . . . . . 1 Robot Analysis 6 | . 2 . 4 . . Prototype ID Bank 5 | . 3 . 2 . . Open Door 2 | . . 1 . 1 . Emergency Access Points 1 | . . . 1 . . Unreport Threat 1 | . . . 1 . . Locate Traps 4 | . 2 . 2 . . Recall Investigation 1 | . . . 1 . . Recall Reinforcements 1 | . . . 1 . . Hauler Manifests 2 | . 1 . 1 . . Zone Layout 3 | . 1 . 2 . . Derelict Proto ID Bank 1 | . . . . . 1 Fabricator Hacks . | . . . . . . Repair Station Hacks 9 | . 4 . 5 . . Scan Component 5 | . 2 . 3 . . Repair 4 | . 2 . 2 . . Recycling Unit Hacks 3 | . 1 . 2 . . Retrieve Components 3 | . 1 . 2 . . Scanalyzer 3 | . . . 3 . . Insert Component 2 | . . . 2 . . Analyze 1 | . . . 1 . . Garrison Access Hacks . | . . . . . . Unauthorized Hacks 8 | . 3 . 5 . . Terminals 5 | . 2 . 3 . . Assimilate 1 | . 1 . . . . Botnet 3 | . 1 . 2 . . Search 1 | . . . 1 . . Fabricators . | . . . . . . Repair Stations . | . . . . . . Recycling Units 3 | . 1 . 2 . . Reject 3 | . 1 . 2 . . Scanalyzers . | . . . . . . Garrison Access . | . . . . . . Data Cores Recovered 1 | . . . 1 . . Used . | . . . . . . Hacking Detections 22 | . 7 . 15 . . Full Trace Events 1 | . . . 1 . . Feedback Events . | . . . . . . Feedback Blocked . | . . . . . . Robot Schematics Acquired . | . . . . . . Robots Built . | . . . . . . Authchips . | . . . . . . Time . | . . . . . . Total Robot Build Rating . | . . . . . . Part Schematics Acquired 1 | . . . 1 . . Parts Built . | . . . . . . Authchips . | . . . . . . Time . | . . . . . . Total Part Build Rating . | . . . . . . Parts Repaired 4 | . 2 . 2 . . Time 109 | . 52 . 57 . . Parts Recycled . | . . . . . . Recycled Matter . | . . . . . . Retrieved Matter . | . . . . . . Retrieved Components 22 | . 10 . 12 . . Parts Scanalyzed 2 | . . . 2 . . Part Schematics Acquired 1 | . . . 1 . . Parts Damaged . | . . . . . . Bothacking | -11 -10 -10 -9 -9 -9 ------------ Run | Yrd Mat Min Mat Min Exi Used RIF Installer . | . . . . . . Robots Hacked . | . . . . . . Non-combat . | . . . . . . Combat . | . . . . . . Robot Hacks Applied . | . . . . . . Relay Couplers Released . | . . . . . . Fabnet Peak Effective % . | . . . . . . Robots Rewired . | . . . . . . Allies Hacked . | . . . . . . Hacks Repelled . | . . . . . . Allies | -11 -10 -10 -9 -9 -9 -------- Run | Yrd Mat Min Mat Min Exi Total Allies . | . . . . . . Largest Group . | . . . . . . Highest-Rated Group . | . . . . . . Highest-Rated Ally . | . . . . . . Total Orders . | . . . . . . Ally Attacks . | . . . . . . Total Damage . | . . . . . . Kills . | . . . . . . Allies Corrupted . | . . . . . . Allies Melted . | . . . . . . Intel | -11 -10 -10 -9 -9 -9 ------- Run | Yrd Mat Min Mat Min Exi Robot Analysis Total 6 | . 2 . 4 . . Derelict Logs Recovered 1 | . . 1 . . . Drone Launches . | . . . . . . Drone Recoveries . | . . . . . . Exploration | -11 -10 -10 -9 -9 -9 ------------- Run | Yrd Mat Min Mat Min Exi Turns Passed 6834 | 84 1595 1177 3244 297 437 Spaces Moved 3719 | 58 841 698 1705 148 269 Core 6 | 6 . . . . . Treads 124 | . 10 . 111 2 1 Legs . | . . . . . . Wheels 3589 | 52 831 698 1594 146 268 Hover . | . . . . . . Flight . | . . . . . . Fastest Speed 50 | 50 100 140 120 140 155 Average Speed 151 | 94 136 154 159 157 156 Slowest Speed 480 | 100 240 155 245 320 480 Overloaded Moves . | . . . . . . Propulsion Burnouts . | . . . . . . Robots Hopped . | . . . . . . Cave-ins Triggered . | . . . . . . Exploration Rate (%) 64 | 4 96 88 98 37 65 Regions Visited 5 Branch Regions 3 Pre-discovered Areas 3 | . . 1 . 1 1 Known Exits Taken . | . . . . . . Unknown Exits Taken 5 | 1 1 1 1 1 . Scrap Searched 3 | . . 3 . . . Spaces Dug 6 | . . . 6 . . Terrain Destroyed 105 | . . 30 57 18 . Melee . | . . . . . . Projectile 6 | . . . 6 . . AOE 99 | . . 30 51 18 . Terrain Rammed . | . . . . . . Walls Destroyed . | . . . . . . Machines Disabled . | . . . . . . Actions | -11 -10 -10 -9 -9 -9 --------- Run | Yrd Mat Min Mat Min Exi Total 4532 | 75 1143 763 2076 193 282 Wait 348 | 1 160 28 137 22 . Move 3714 | 57 840 697 1704 147 269 Hop . | . . . . . . Pick Up 80 | 6 30 3 38 2 1 Fast Attach 19 | 7 2 4 4 2 . Attach 8 | . 1 . 3 1 3 Detach . | . . . . . . Swap 67 | . 13 6 43 4 1 Drop 79 | . 19 8 45 3 4 Fire 217 | 4 78 17 102 12 4 Melee . | . . . . . . Ram . | . . . . . . Kick . | . . . . . . Crush . | . . . . . . Escape Stasis . | . . . . . . Rewire . | . . . . . . Trap . | . . . . . . Miscellaneous . | . . . . . . Route ------- -11/Scrapyard -10/Materials (discovered 5 exits: *Mat x3 / *Min x2) -10/Mines -9/Materials (discovered 6 exits: [*Mat x3] / *Min x2 / [*Sto]) -9/Mines -9/Exiles History --------- Turn | Location | Event 30 | -11/Scrapyard | Discovered new exit (range 16) 85 | -11/Scrapyard | Entered Materials 143 | -10/Materials | Discovered new exit (range 12) 309 | -10/Materials | Build established: Mutant 773 | -10/Materials | Discovered new exit (range 3) 886 | -10/Materials | Discovered new exit (range 13) 1111 | -10/Materials | Discovered new exit (range 11) 1431 | -10/Materials | Discovered new exit (range 7) 1507 | -10/Materials | Repaired Lgt. Treads 1534 | -10/Materials | Repaired Assault Rifle 1680 | -10/Materials | Entered Mines 1917 | -10/Mines | A weapon hastily lodged in a ceiling crevice suddenly fell to the ground 1959 | -10/Mines | Met a Derelict shopkeep closing up shop 2026 | -10/Mines | Learned location of Storage (-9) 2332 | -10/Mines | Discovered new exit (range 7) 2857 | -10/Mines | Entered Materials 2857 | -9/Materials | Evolved 2 slots: Propulsion x1, Utility x1 3011 | -9/Materials | Discovered new exit (range 11) 3416 | -9/Materials | Discovered new exit (range 13) 3932 | -9/Materials | Discovered new exit (range 15) 4006 | -9/Materials | Repaired Hvy. Armor Plating 4129 | -9/Materials | Discovered new exit (range 15) 4841 | -9/Materials | Discovered new exit (range 15) 5331 | -9/Materials | Repaired Hvy. Armor Plating 5747 | -9/Materials | Discovered new exit (range 15) 6101 | -9/Materials | Entered Mines 6279 | -9/Mines | Found the Drone Emporium 6286 | -9/Mines | Found Prototype Device 6286 | -9/Mines | Identified Sensor Drone Bay 6368 | -9/Mines | Assembled infested the area 6390 | -9/Mines | Deemed a non-threat by the Exiles lab entrance 6392 | -9/Mines | Discovered new exit (range 5) 6398 | -9/Mines | Entered Exiles 6440 | -9/Exiles | Met 8R-AWN 6462 | -9/Exiles | Met EX-HEX 6524 | -9/Exiles | Met EX-DEC 6530 | -9/Exiles | Learned location of Zion (-6) 6557 | -9/Exiles | Met EX-BIN 6580 | -9/Exiles | Aligned with FarCom system 6581 | -9/Exiles | Given EX-Vault access code 6617 | -9/Exiles | Opened EX-Vault 6630 | -9/Exiles | Found XL Autogun Array 6663 | -9/Exiles | Warned to stay clear of 0b10 Research branches 6751 | -9/Exiles | Visited The Gauntlet 6804 | -9/Exiles | Attacked by the Exiles 6813 | -9/Exiles | Core integrity fell below 50% 6834 | -9/Exiles | Core integrity fell below 20% 6835 | -9/Exiles | Destroyed by DAS Turret with DAS Cannon Last Messages --------------- 06811_ Critical hit (Destroy). 06815_ Wheel destroyed. 06816_ EX-BIN: "I just want to science!" 06817_ Autogun destroyed. 06817_ Rnf. Ion Engine blasted off. 06820_ Knocked back. 06823_ Wheel destroyed. 06823_ Hvy. Armor Plating destroyed. 06825_ Lgt. Treads destroyed. 06827_ Autogun destroyed. 06831_ Rocket Launcher destroyed. 06833_ as-04654 destroyed. 06833_ as-84483 destroyed. 06834_ Lgt. Treads destroyed. 06834_ System corrupted by crushing effect (+4). 06835_ Destroyed Asb. Hover Unit. 06835_ Grenade Launcher destroyed. 06835_ Destroyed Grenade Launcher. 06835_ as-17278 destroyed. 06835_ as-03928 destroyed. Map ----- +----------------------------------------------------+ | ???????????????????????????????????# #?#"""""" | | ??????????????????????????????????## ###"" """ | | ??????????????????????????????????#" """ | | ??????????????????????????????????#" "" | | ??????????????????????????????????#" "" | | ??????????????????????????????????#" "" | | ?????????????????????####?????????#" "" | | ????????????????????? """????????#" "" | | ?????????????????????" """#???????## "" | | ?????????????????????" #????????# "" | | ????????????????????"" #????????#" "X" "" | | ????????????????????"" "#????????#" """ | | ???????????????????? ""?????????#" """""""" | | ?????????????????????" "?????????##" ######### | | ?????????????????????# #????????##"" #???????? | | ???????????????????### ###?######"" #???????? | | ??????? """#####X# #"###""""""" ##??????? | | ?????? """""" " "" ##???### | | ?????? "" """ " #####"" | | ??????# " " " | | ???????## | | ????????### | | ??????????## | | ???????????## | | ????????????##" | | ?????????????#""" %@ """""" | | ?????????????#" a ######""" | | ?????????????"" % ""##????#####""" | | ????????????#""" % ##?????????##""" | | ????????????""" a "##???????????#"""" | | ????????????""" a""#????????????#"" | | ????????????"" % %########??????"""" | | ???????????#""" ##%* ####""? | | ???????????#""t ! """ | | ????????????#"" % | | ????????????#"""" % | | ?????????????# | | ?????????????#" " "" | | ?????????????#"""" ""## ##""" " " | | ?????????????#"" ""###? #??###""" " | | ?????????????#" """"##???? #??????#""" | | ?????????????#""" """#??????#?????????? | | ?????????????## ""##????????????????? | | ??????????????#"" """##?????????????????? | | ??????????????##""" ##??????????????????? | | ???????????????##"""" ##???????????????????? | | ????????????????### #????????????????????? | | ??????????????????##### ##????????????????????? | | ??????????????????????## #?????????????????????? | | ???????????????????????# #?????????????????????? | +----------------------------------------------------+ Best States ------------- Heat Dissipation 28 Energy Generation 12 Energy Capacity 265 Matter Stores 300 Matter Capacity 300 Sight Range 16 Terrain Scan Density 10 Armor Coverage 600 Evasion (%) 40 Recoil Reduction 3 Item Schematics ----------------- Huge Storage Unit | -9/Materials | Scanalyzed Robot Schematics ------------------ None Fabricated ------------ Nothing Alien Tech Used ----------------- None Achievements -------------- None Challenges ------------ None Game ------ Seed ColdFusionAutogun Manual? 0 Play Time 00:54:30 Cumulative 98.1 hours Start 2024.07.09 @ 00:27:57 End 2024.07.09 @ 01:29:33 Sessions 1 Manual Loads 0 Difficulty Rogue Special Mode None Game No. 59 Rogue 56 Adventurer 3 Explorer 0 Win Type - Total 2 Types 2/0/0/0/0/0/0/0/0 Lore% 52 Gallery% 55 Achievement% 46 Wizard Run 0 Options --------- Layout 1 ASCII 0 Keyboard 1 Movement Vi Keybinds 1 Fullscreen 2 Font 24/Smallcaps Map View 50x35 Zoom Use 0% Tactical HUD 1 Map Filters NONE Filters NONE Steam 1 RUN: 17b5cb10-de37-4c82-93d2-87747e81a9df